Description

A simple 2 Base CIA Timing that hits at 6:30 at 100+ supply

Replay - Goldenaura LE (317)

Build Order

Get SALT Encoding   

  12  0:00  Probe  
  13  0:12  Probe  
  14  0:19  Pylon  
  14  0:24  Probe  
  15  0:37  Probe (Chrono Boost)  
  15  0:39  Gateway  
  16  0:47  Probe x2 (Chrono Boost)  
  16  0:48  Assimilator  
  18  1:03  Probe  
  19  1:15  Probe  
  20  1:23  Nexus  
  20  1:33  Cybernetics Core  
  20  1:35  Probe  
  21  1:41  Assimilator  
  21  1:47  Probe  
  21  1:51  Pylon  
  23  2:06  Adept (Chrono Boost)  
  23  2:10  Warp Gate  
  26  2:19  Robotics Facility  
  27  2:27  Shield Battery  
  29  2:43  Stalker  
  35  3:06  Observer  
  38  3:13  Sentry  
  42  3:21  Immortal (Chrono Boost)  
  42  3:23  Pylon  
  46  3:35  Pylon  
  46  3:43  Assimilator x2  
  48  3:50  Immortal (Chrono Boost)  
  54  4:00  Twilight Council  
  54  4:04  Forge  
  56  4:14  Pylon  
  58  4:26  Gateway x2  
  59  4:33  Gateway  
  59  4:38  Charge  
  59  4:39  Protoss Ground Weapons Level 1 (Chrono Boost)  
  59  4:46  Gateway x2  
  59  4:56  Gateway  
  59  5:01  Gateway  
  59  5:07  Templar Archives  
  59  5:13  Zealot  
  61  5:14  Warp Prism (Chrono Boost)  
  63  5:24  Zealot  
  65  5:31  Zealot  
  67  5:38  Zealot  
  69  5:44  High Templar x4  
  69  5:49  Archon x2  
  77  5:52  Zealot x2  
  81  6:13  High Templar x2  
  81  6:18  Zealot x4  
  93  6:19  Archon  
  97  6:42  High Templar x2  
  101  6:50  Archon  
Spawning Tool Build Advisor. Get it on Overwolf

Go to:

Details

  • Created by: Kenosua
  • Published on: Oct 26, 2024
  • Modified on: Oct 26, 2024
  • Patch: 5.0.11
  • Difficulty: Easy
Show
View Real Time Build Order
Export as new Build Order

Comments (0)

There are no comments. Be the first!

Create an account to comment!